 Dungeon Crawl Stone Soup version 0.22-a0-880-gb7b0c8b (webtiles) character file.

133 Kuinu the Firebug (level 4, 0/33 HPs)
             Began as a Draconian Fire Elementalist on July 30, 2018.
             Succumbed to a worker ant's poison
             ... on level 4 of the Dungeon.
             The game lasted 00:07:48 (3104 turns).

Kuinu the Firebug (Draconian Fire Elementalist)     Turns: 3104, Time: 00:07:48

Health: 0/33       AC:  5    Str: 10    XL:     4   Next: 94%
Magic:  8/8        EV: 12    Int: 16    God:
Gold:   164        SH:  0    Dex: 12    Spells: 3/9 levels left

rFire    . . .     SeeInvis +   c - +0 dagger
rCold    . . .     Gourm    .   (no shield)
rNeg     . . .     Faith    .   (armour unavailable)
rPois    .         Spirit   .   (helmet restricted)
rElec    .         Reflect  .   (no cloak)
rCorr    .         Harm     .   (no gloves)
MR       .....                  (no boots)
Stlth    +.........             (no amulet)
HPRegen  0.11/turn              i - ring of attention
MPRegen  0.11/turn              k - ring of see invisible

@: lethally poisoned (0 -> -5)
A: unfitting armour, cold-blooded, AC +5
a: no special abilities


You were on level 4 of the Dungeon.
You were not hungry.

You visited 1 branch of the dungeon, and saw 4 of its levels.

You collected 164 gold pieces.

Inventory:

Hand Weapons
 c - a +0 dagger (weapon)
Jewellery
 i - a ring of attention (left hand)
 k - a ring of see invisible (right hand)
Scrolls
 a - 2 scrolls of identify
 j - a scroll of blinking {unknown}
Comestibles
 b - 4 rations
 h - 3 chunks of flesh


   Skills:
 - Level 1.7 Dodging
 + Level 2.5 Stealth
 * Level 3.0 Spellcasting
 * Level 2.5 Conjurations
 * Level 3.9 Fire Magic


You had 3 spell levels left.
You knew the following spells:

 Your Spells              Type           Power        Failure   Level  Hunger
a - Flame Tongue          Conj/Fire      ##...        4%          1    #......
b - Throw Flame           Conj/Fire      ##....       8%          2    ##.....
c - Conjure Flame         Conj/Fire      ##......     14%         3    ###....

Your spell library contained the following spells:

 Spells                   Type           Power        Failure   Level  Hunger
 Fireball                 Conj/Fire      ##........   80%         5    ######.
 Sticky Flame             Conj/Fire      ##......     43%         4    #####..
 Inner Flame              Hex/Fire       #.......     26%         3    ###....


Dungeon Overview and Level Annotations

Branches:
Dungeon (4/15)
 Temple: D:4-7

Altars:

Annotations:
D:3 Sigmund


Innate Abilities, Weirdness & Mutations

Your plain brown scales are hard. (AC +5)
You cannot fit into any form of body armour.
You are cold-blooded and may be slowed by cold attacks.


Message History

* * * LOW HITPOINT WARNING * * *
You feel sick.
As you read the scroll labeled YCSOOSH ZUMYTY, it crumbles to dust.
It is a scroll of identify.
d - a scroll of remove curse
As you read the scroll of remove curse, it crumbles to dust.
You feel as if something is helping you.
* * * LOW HITPOINT WARNING * * *
You feel sick.
As you read the scroll labeled MEAKAH UXAECSE, it crumbles to dust.
You assume a fearsome visage.
Nothing appears to happen.
It was a scroll of fear.
* * * LOW HITPOINT WARNING * * *
You feel sick.
As you read the scroll labeled KEDUSA EZUKKI, it crumbles to dust.
It is a scroll of amnesia.
Okay, then.
Okay, then.
You eat one of the 5 rations.
That ration really hit the spot!
You die...

#########
#......<#
#.#######
#.# #.#
#.# #)#
#@# #.#
#.# #.#
#.# #.#
..# ###


There were no monsters in sight!

Vanquished Creatures
  An iguana (D:2)
  A worker ant (D:4)
  3 adders
  A worm (D:2)
  A dart slug (D:3)
  5 orcs
  9 giant cockroaches
  5 goblins
  5 hobgoblins
  3 kobolds
  3 quokkas
  2 ball pythons
  4 bats
  2 frilled lizards (D:2)
  2 rats
47 creatures vanquished.

Notes
Turn   | Place    | Note
-------+----------+-------------------------------------------
     0 | D:1      | Kuinu the Draconian Fire Elementalist began the quest for the Orb.
     0 | D:1      | Reached XP level 1. HP: 14/14 MP: 3/3
   437 | D:1      | Reached XP level 2. HP: 20/20 MP: 1/5
   765 | D:1      | Learned a level 2 spell: Throw Flame
  1769 | D:2      | Reached XP level 3. HP: 26/26 MP: 0/6
  1996 | D:2      | Learned a level 3 spell: Conjure Flame
  2599 | D:2      | Reached XP level 4. HP: 24/33 MP: 0/8
  3034 | D:3      | Noticed Sigmund
  3102 | D:4      | HP: 1/33 [poisoned by a worker ant]
  3104 | D:4      | Succumbed to a worker ant's poison

Vault maps used:
D:1:      lightli_arrival_isolated_outpost
D:3:      minmay_roachtagon, chequers_temple_overflow_statue_of_worship,
          lightli_sewer_entry_pipes, minmay_shallow_snake_nest, uniq_sigmund,
          uniq_natasha
D:4:      nemelex_xobeh_ov_fountains_minmay

Skill      XL: |  1  2  3  4 |
---------------+-------------+-----
Stealth        | 2 |  2.5
Conjurations   | 2 |  2.5
Spellcasting   | 3 |  3.0
Dodging        | |  1.7
Fire Magic     | |  3.9

Action                   |  1- 3 |  4- 6 || total
-------------------------+-------+-------++-------
Melee: Dagger            |    23 |    42 ||    65
       Tailslap          |     2 |     7 ||     9
 Cast: Flame Tongue      |    70 |    24 ||    94
       Throw Flame       |     3 |       ||     3
  Use: Scroll            |       |     4 ||     4
       Potion            |       |     1 ||     1
  Eat: Chunk             |     6 |     2 ||     8
       Ration            |       |     1 ||     1
Armor: Skin              |    20 |    17 ||    37
Dodge: Dodged            |    44 |    42 ||    86

Table legend:
 A = Spawn XP
 B = Non-spawn XP
 C = Spawn XP percentage of total XP
 D = Spawn monster count
 E = Non-spawn monster count
 F = Spawn count percentage of total count
 G = Total turns spent on level
                    A         B        C        D         E        F      G
               +---------+---------+-------+---------+---------+-------+---------
         Total |       0 |     191 |   0.0 |       0 |      47 |   0.0 |  3104
               +---------+---------+-------+---------+---------+-------+---------
           D:1 |       0 |      22 |   0.0 |       0 |      13 |   0.0 |  1522
           D:2 |       0 |      99 |   0.0 |       0 |      21 |   0.0 |  1416
           D:3 |       0 |      35 |   0.0 |       0 |      11 |   0.0 |   131
           D:4 |       0 |      35 |   0.0 |       0 |       2 |   0.0 |    35
               +---------+---------+-------+---------+---------+-------+---------
